 Dungeon Crawl Stone Soup version 0.32-a0-913-g739538afd8 (webtiles) character file.

Game seed: 8738272821095086126

226 Scrimshaw the Shooter (level 6, -13/44 HPs)
             Began as a Coglin Hexslinger on Apr 8, 2024.
             Killed by nerve-wracking pain
             ... invoked by an orc priest
              (14 damage)
             ... on level 3 of the Dungeon.
             The game lasted 00:07:12 (1958 turns).

Scrimshaw the Shooter (Coglin Hexslinger)           Turns: 1958, Time: 00:07:13

Health: -13/44     AC:  3    Str:  9    XL:     6   Next: 1%
Magic:  3/7        EV: 11    Int: 12    God:
Gold:   152        SH:  0    Dex: 18    Spells: 5/7 levels left

rFire   . . .        a - +1 sling {Carlos}
rCold   . . .        t - +0 sling {Adela}
rNeg    . . .        f - +0 leather armour
rPois   .            (no helmet)
rElec   .            (no cloak)
rCorr   .            (no gloves)
SInv    .            (no boots)
Will    .....        (amulet unavailable)
Stlth   +            (ring unavailable)
HPRegen 0.27/turn    (ring unavailable)
MPRegen 0.10/turn    (no gizmo)

%: no passive effects
@: weak-willed, revved
A: off-hand wielding, slow wielding, warmup strikes, no jewellery
a: Invent Gizmo, Convert to Beogh


You were on level 3 of the Dungeon.
You visited 1 branch of the dungeon, and saw 3 of its levels.

You collected 152 gold pieces.

Inventory:

Hand Weapons
 a - a +1 sling (weapon) {Carlos}
 t - a +0 sling (offhand) {Adela}
Missiles
 m - 6 poisoned darts
 v - a throwing net
Armour
 c - a +0 robe
 f - a +0 leather armour (worn)
 u - a +0 ring mail
Wands
 d - a wand of iceblast (8)
Scrolls
 b - a scroll of poison
 e - a scroll of immolation {unknown}
 g - 4 scrolls of enchant weapon {unknown}
 h - a scroll of blinking {unknown}
 i - a scroll of fear {unknown}
 j - a scroll of revelation {unknown}
 k - 3 scrolls of identify {unknown}
 n - 2 scrolls of vulnerability {unknown}
 o - a scroll of enchant armour {unknown}
 p - 2 scrolls of fog {unknown}
 q - a scroll of amnesia {unknown}
 r - a scroll of noise {unknown}
Potions
 l - a potion of enlightenment {unknown}
 s - a potion of lignification {unknown}
 w - a potion of haste {unknown}
 x - 2 potions of curing {unknown}
 z - a potion of brilliance {unknown}


   Skills:
 + Level 1.9 Fighting
 + Level 4.2 Ranged Weapons
 + Level 0.5 Armour
 + Level 2.1 Dodging
 + Level 1.1 Spellcasting
 * Level 3.7 Hexes
 + Level 0.8 Fire Magic


You had 5 spell levels left.
You knew the following spells:

 Your Spells              Type           Power      Damage    Failure   Level
a - Jinxbite              Hex            18%        N/A       13%         2

Your spell library contained the following spells:

 Spells                   Type           Power      Damage    Failure   Level
 Sigil of Binding         Hex            9%         N/A       26%         3
 Inner Flame              Hex/Fire       6%         N/A       43%         3
 Cause Fear               Hex            4%         N/A       65%         4
 Dimensional Bullseye     Hex/Tloc       2%         N/A       88%         4


Dungeon Overview and Level Annotations

Branches:
Dungeon (3/15)

Altars:
Kikubaaqudgha


Innate Abilities, Weirdness & Mutations

You can wield a second weapon in your off-hand.
It takes a long time for you to wield or remove held weapons.
Your first few attacks do less damage.
You cannot equip rings or amulets.


Message History

You shoot a sling bullet.
The sling bullet closely misses the orc priest.
The orc priest shouts, "The Pantheon deserves no one's loyalty.
Let us show you the true path!"
You shoot a sling bullet.
The sling bullet hits the orc priest but does no damage.
You shoot a sling bullet.
The sling bullet barely misses the orc priest.
The sling bullet hits the adder.
The adder is moderately wounded.
The orc priest shouts, "The Pantheon deserves no one's loyalty.
Let us show you the true path!"
A giggling sprite leaps out and smacks the adder with its own tail.
The adder is severely wounded.
A giggling sprite leaps out and insults the orc priest's ancestors.
The orc priest is moderately wounded.
A giggling sprite leaps out and makes the orc priest trip over its own feet.
The orc priest is heavily wounded.
The orc priest closely misses you. x2
You shoot a sling bullet.
The sling bullet barely misses the orc priest.
The orc priest shouts, "The Pantheon deserves no one's loyalty.
Let us show you the true path!"
The sling bullet hits the adder.
You kill the adder!
You shoot a sling bullet.
The sling bullet closely misses the orc priest.
A giggling sprite leaps out and smacks the orc priest with its own hand.
The orc priest shouts, "Surrender to Beogh and we'll let you live!"
The orc priest is almost dead.
The jinxing sprites lose interest in you.
The orc priest hits you with a +0 club.
* * * LOW HITPOINT WARNING * * *
You have reached level 6!
You shoot a sling bullet.
The sling bullet barely misses the orc priest.
You shoot a sling bullet.
The sling bullet barely misses the orc priest.
The orc priest shouts, "Beogh offers mercy even to people such as you.
Join us and be reborn!"
The orc priest shouts, "The Pantheon deserves no one's loyalty.
Let us show you the true path!"
The orc priest invokes the aid of Beogh against you.
Pain shoots through your body!
You die...

#.# #.# #.# #.# #.# #.#
#.# #.# #.# #.#
#.###†### ####
###.##....# .....
#.........######......
###.........'...@o)..)..
..'.........######......
###.........# .....
#.........# ....
#.....##### ... #.....#
## #.....# #######


You could see an orc priest (very drained).

Vanquished Creatures
  An orc wizard (D:3)
  7 gnolls
  4 adders
  A ribbon worm (D:3)
  2 dart slugs (D:1)
  15 orcs (D:3)
  An endoplasm (D:1)
  4 giant cockroaches
  6 goblins
  10 hobgoblins
  4 jackals (D:2)
  3 quokkas
  4 ball pythons
  2 bats
  2 frilled lizards
  4 kobolds
  4 rats
74 creatures vanquished.

Notes
Turn   | Place    | Note
-------+----------+-------------------------------------------
     0 | D:1      | Scrimshaw the Coglin Hexslinger began the quest for the
                  | Orb.
     0 | D:1      | Reached XP level 1. HP: 15/15 MP: 2/2
    65 | D:1      | Found a faded altar of an unknown god.
   100 | D:1      | Reached XP level 2. HP: 21/21 MP: 3/3
   103 | D:1      | Learned a level 2 spell: Jinxbite
   209 | D:1      | Reached skill level 2 in Ranged Weapons
   636 | D:1      | Reached XP level 3. HP: 26/26 MP: 4/4
   817 | D:2      | Reached XP level 4. HP: 29/32 MP: 3/5
   822 | D:2      | Reached skill level 3 in Ranged Weapons
  1106 | D:2      | Found an ancient bone altar of Kikubaaqudgha.
  1495 | D:3      | Reached XP level 5. HP: 37/37 MP: 3/6
  1781 | D:3      | Reached skill level 4 in Ranged Weapons
  1953 | D:3      | HP: 1/38 [hobgoblin (4)]
  1958 | D:3      | Reached XP level 6. HP: 1/44 MP: 3/7
  1958 | D:3      | Killed from afar by an orc priest

Illustrated notes

Levels and vault maps discovered:
D:1:      ldierk_walled_garden, layout_loops_cross,
          shapermc_ecumenical_altar_venn
D:2:      layout_basic, basic_altar, st_stairs_7
D:3:      layout_basic, st_stairs_8

Skill      XL: |  1  2  3  4  5 |
---------------+----------------+-----
Hexes          | 3 |  3.7
Ranged Weapons | 2 3 4 |  4.2
Dodging        | 2 |  2.1
Fighting       | |  1.9
Armour         | |  0.5
Spellcasting   | |  1.1
Fire Magic     | |  0.8

Action                     |  1- 3 |  4- 6 || total
---------------------------+-------+-------++-------
   Fire: Sling             |   118 |   186 ||   304
   Cast: Jinxbite          |     3 |    12 ||    15
 Armour: Robe              |     1 |       ||     1
         Leather armour    |     7 |    21 ||    28
  Dodge: Dodged            |     7 |    19 ||    26

Table legend: (Time is in decaauts)
 A = Elapsed time spent in this place.
 B = Non-inter-level travel time spent in this place.
 C = Inter-level travel time spent in this place.
 D = Time resting spent in this place.
 E = Time spent auto-exploring this place.
 F = Levels seen in this place.
 G = Mean time per level.
                   A        B        C        D        E       F      G
               +--------+--------+--------+--------+--------+-----+--------+
         Total |   2005 |   1842 |    163 |    113 |   1394 |   3 |  668.3 |
       Dungeon |   2005 |   1842 |    163 |    113 |   1394 |   3 |  668.3 |
               +--------+--------+--------+--------+--------+-----+--------+

Top non-repeatable levels by time:
     D:2: 759 daAuts
     D:1: 726 daAuts
     D:3: 519 daAuts
